 Dungeon Sprint DCSS version 0.13.2 (webtiles) character file.

214 sanboga the Protected (level 5, -1/49 HPs)
             Began as a Minotaur Fighter on Oct 30, 2017.
             Was an Initiate of Okawaru.
             Slain by a goliath beetle (18 damage)
             ... in the Dungeon (Sprint IX: "|||||||||||||||||||||||||||||").
             The game lasted 00:01:13 (297 turns).

sanboga the Protected (Minotaur Fighter)             Turns: 297, Time: 00:01:13

HP  -1/49        AC 10     Str 21      XL: 5   Next: 44%
MP   1/1         EV  7     Int  5      God: Okawaru [......]
Gold 20          SH 22     Dex 10      Spells:  0 memorised,  4 levels left

Res.Fire  : . . .   See Invis. : .   n - +2,+3 war axe (chop)
Res.Cold  : . . .   Warding    : .   p - +1 scale mail
Life Prot.: . . .   Conserve   : .   c - +0 shield
Res.Poison: .       Res.Corr.  : .   (helmet restricted)
Res.Elec. : .       Clarity    : .   o - +0 cloak
Sust.Abil.: . .     Spirit.Shd : .   (no gloves)
Res.Mut.  : .       Prev.Telep.: +   (no boots)
Res.Rott. : .       Flight     : .   (no amulet)
Saprovore : . . .                    (no ring)
                                     (no ring)

@: slightly resistant to hostile enchantments, extremely unstealthy
A: retaliatory headbutt, horns 2
a: Renounce Religion


You were in the Dungeon.
You worshipped Okawaru.
Okawaru was noncommittal.
You were not hungry.

You visited 1 branch

Inventory:

Hand weapons
 a - a +0,+0 trident
 n - a +2,+3 war axe of chopping (weapon)
Armour
 b - a +0 scale mail
 c - a +0 shield (worn)
 o - a +0 cloak (worn)
 p - a +1 scale mail (worn)
Magical devices
 m - a wand of draining (7)
Comestibles
 d - a bread ration
Scrolls
 j - 2 scrolls of blinking
 k - 3 scrolls of remove curse
 l - 2 scrolls of amnesia
Jewellery
 q - a +2 ring of evasion
 r - a +3 ring of dexterity
Potions
 e - 5 potions of curing
 f - 3 potions of heal wounds
 g - a potion of speed
 h - 4 potions of magic
 i - a potion of invisibility


   Skills:
 + Level 8.0 Fighting
 + Level 4.2 Polearms
 + Level 8.5 Armour
 + Level 2.7 Dodging
 + Level 7.9 Shields


You had 4 spell levels left.
You didn't know any spells.

Dungeon Overview and Level Annotations

Branches:
Dungeon (1/1)

Altars:
Ashenzari
Cheibriados
Elyvilon
Fedhas
Kikubaaqudgha
Makhleb
Nemelex Xobeh
Okawaru
Sif Muna
Trog
Vehumet
Xom
Yredelemnul
Zin
the Shining One


Innate Abilities, Weirdness & Mutations

You reflexively headbutt those who attack you in melee.
You have a pair of horns on your head.


Message History

You have reached level 5!
The goliath beetle barely misses you.
You slash the goliath beetle!
You headbutt the goliath beetle, but do no damage.
The goliath beetle is lightly wounded.
The goliath beetle bites you!
You hit the goliath beetle.
The goliath beetle is moderately wounded.
You block the goliath beetle's attack.
You slash the goliath beetle!
The goliath beetle is heavily wounded.
The phantom blinks!
Your shield and scale mail prevent you from hitting the goliath beetle.
You headbutt the goliath beetle.
The goliath beetle is heavily wounded.
The goliath beetle closely misses you.
You hit the goliath beetle.
The goliath beetle is severely wounded.
The goliath beetle bites you!
You die...

#.#
#.#
#.#
#p#
#h#
#U#
#t#
#B#
#@#
#.#
#.#
#[#
#)#
#|#
#.#
#.#
#'#


You could see a goliath beetle, a phantom, a crocodile, a black bear and a
hound.

Vanquished Creatures
  An ogre (D)
  A phantom (D)
  An adder skeleton (D)
  A bat (D)
  2 giant cockroaches (D)
  2 hobgoblins (D)
  A goblin skeleton (D)
  A rat (D)
  A rat skeleton (D)
11 creatures vanquished.

Notes
Turn   | Place    | Note
--------------------------------------------------------------
     0 | D        | sanboga, the Minotaur Fighter, began the quest for the Orb.
     0 | D        | Reached XP level 1. HP: 19/19 MP: 0/0
    11 | D        | Reached skill level 4 in Fighting
    89 | D        | Noticed an ogre
    90 | D        | Reached XP level 2. HP: 27/27 MP: 0/0
    96 | D        | Killed an ogre
    96 | D        | Reached skill level 7 in Fighting
    96 | D        | Reached skill level 1 in Dodging
    96 | D        | Reached XP level 3. HP: 30/34 MP: 1/1
    96 | D        | Reached XP level 4. HP: 35/41 MP: 1/1
   103 | D        | Found a snail-covered altar of Cheibriados.
   103 | D        | Found a basalt altar of Yredelemnul.
   103 | D        | Found a radiant altar of Vehumet.
   103 | D        | Found a burning altar of Makhleb.
   103 | D        | Found a glowing silver altar of Zin.
   103 | D        | Found a bloodstained altar of Trog.
   103 | D        | Found a shattered altar of Ashenzari.
   104 | D        | Found an iron altar of Okawaru.
   105 | D        | Found an ancient bone altar of Kikubaaqudgha.
   106 | D        | Found a sparkling altar of Nemelex Xobeh.
   107 | D        | Found a bloodstained altar of Trog.
   108 | D        | Found a glowing golden altar of the Shining One.
   109 | D        | Found a blossoming altar of Fedhas.
   110 | D        | Found a shattered altar of Ashenzari.
   111 | D        | Found a deep blue altar of Sif Muna.
   112 | D        | Found a white marble altar of Elyvilon.
   113 | D        | Became a worshipper of Warmaster Okawaru
   234 | D        | Found a shimmering altar of Xom.
   278 | D        | Noticed a hound
   278 | D        | Noticed a black bear
   278 | D        | Noticed a phantom
   278 | D        | Noticed a crocodile
   278 | D        | Noticed a goliath beetle
   278 | D        | Noticed a phantom
   292 | D        | Killed a phantom
   292 | D        | Reached skill level 8 in Fighting
   292 | D        | Reached XP level 5. HP: 28/49 MP: 1/1
   297 | D        | Slain by a goliath beetle

Action                   |  1- 3 |  4- 6 || total
-------------------------+-------+-------++-------
Melee: Trident           |    20 |     1 ||    21
       War axe           |       |    16 ||    16
  Use: Potion            |     1 |       ||     1
